 Dungeon Sprint DCSS version 0.23-a0-458-g93a6ea9 (webtiles) character file.

647 rednecknazgul the Destroyer (level 7, -2/54 HPs)
             Began as a Deep Elf Air Elementalist on Nov 25, 2018.
             Was a Priest of Dithmenos.
             Slain by a gargoyle
             ... wielding a +2 flail of draining
              (17 damage)
             ... in the Dungeon (Sprint IX: "|||||||||||||||||||||||||||||").
             The game lasted 00:02:05 (454 turns).

rednecknazgul the Destroyer (DEAE)                   Turns: 454, Time: 00:02:05

Health: -2/54      AC:  4    Str: 10    XL:     7   Next: 27%
Magic:  21/21      EV: 14    Int: 22    God:    Dithmenos [***...]
Gold:   0          SH:  0    Dex: 18    Spells: 17/23 levels left

rFire    . . .     SeeInvis .   m - staff of energy
rCold    . . .     Gourm    .   (no shield)
rNeg     . . .     Faith    .   a - +0 robe
rPois    .         Spirit   .   (no helmet)
rElec    .         Reflect  .   o - +0 cloak
rCorr    .         Harm     .   (no gloves)
MR       .....     NoTele   +   n - +0 pair of boots
Stlth    ..........             (no amulet)
HPRegen  0.18/turn              p - +3 ring of dexterity
MPRegen  0.17/turn              q - +2 ring of evasion

@: berserking, wreathed by umbra, drained, very quick
A: no striking features
a: Shadow Step, Renounce Religion


You were in the Dungeon.
You worshipped Dithmenos.
Dithmenos was most pleased with you.
You were not hungry.

You visited 1 branch

Inventory:

Armour
 a - a +0 robe (worn)
 n - a +0 pair of boots (worn)
 o - a +0 cloak (worn)
Magical Staves
 m - an uncursed staff of energy (weapon)
Jewellery
 p - a +3 ring of dexterity (left hand)
 q - a +2 ring of evasion (right hand)
Wands
 l - a wand of iceblast (10)
Scrolls
 i - 2 scrolls of blinking
 j - 3 scrolls of remove curse
 k - 2 scrolls of amnesia
Potions
 b - a potion of invisibility
 d - 5 potions of curing
 e - 3 potions of heal wounds
 f - a potion of haste
 g - a potion of magic
Comestibles
 c - a ration


   Skills:
 + Level 5.0(4.3) Armour
 - Level 2.4(1.7) Dodging
 - Level 2.4(1.7) Stealth
 + Level 8.7(7.9) Spellcasting
 * Level 9.8(8.9) Conjurations
 * Level 9.5(8.6) Air Magic
 + Level 3.8(3.1) Evocations


You had 17 spell levels left.
You knew the following spells:

 Your Spells              Type           Power        Failure   Level  Hunger
a - Shock                 Conj/Air       ####         1%          1    None
b - Lightning Bolt        Conj/Air       #####.....   5%          5    None

Your spell library contained the following spells:

 Spells                   Type           Power        Failure   Level  Hunger
 Swiftness                Chrm/Air       ####....     1%          2    None
 Static Discharge         Conj/Air       #####...     1%          3    None
 Airstrike                Air            #####.....   1%          4    None


Dungeon Overview and Level Annotations

Branches:
Dungeon (1/1)

Altars:
Cheibriados
Dithmenos
Elyvilon
Fedhas
Gozag
Hepliaklqana
Kikubaaqudgha
Makhleb
Nemelex Xobeh
Okawaru
Qazlal
Ru
Sif Muna
Trog
Uskayaw
Vehumet
Wu Jian
Xom
Yredelemnul
Zin
The Shining One
Beogh
Jiyva
Lugonu


Message History

The bolt of lightning hits the gargoyle.
The gargoyle resists.
The gargoyle is heavily damaged.
The bolt of lightning hits the bullfrog.
You kill the bullfrog!
Dithmenos accepts your kill.
Your Armour skill increases to level 5!
The bolt of lightning hits the hippogriff.
The hippogriff is heavily wounded.
The gargoyle hits you with a +2 flail of draining!
You feel drained.
Unknown command.
Magic courses through your body.
The gargoyle hits you with a +2 flail of draining!
You feel drained.
* * * LOW HITPOINT WARNING * * *
A red film seems to cover your vision as you go berserk!
You feel yourself moving faster!
You feel mighty!
The gargoyle hits you with a +2 flail of draining!
You die...

▓.▓
▓.▓
▓.▓
▓)▓
▓.▓
▓H▓
▓9▓
▓@▓
▓.▓
▓.▓
▓.▓
▓.▓
▓)▓
▓'▓
▓.▓
▓.▓


You could see a hippogriff and a gargoyle.

Vanquished Creatures
  A hungry ghost (D)
  A phantom (D)
  An ogre (D)
  A bullfrog (D)
  A wight (D)
  3 crimson imps (D)
  2 hounds (D)
  A jelly (D)
  A worker ant (D)
  A shadow imp (D)
  An adder skeleton (D)
  A dart slug (D)
  2 jackals (D)
  A bat (D)
  A frilled lizard (D)
  A rat (D)
20 creatures vanquished.

Notes
Turn   | Place    | Note
-------+----------+-------------------------------------------
     0 | D        | rednecknazgul the Deep Elf Air Elementalist began the quest
                  | for the Orb.
     0 | D        | Reached XP level 1. HP: 10/10 MP: 6/6
     7 | D        | Reached skill level 1 in Armour
   173 | D        | Noticed a phantom
   173 | D        | Noticed a jelly
   173 | D        | Noticed a crimson imp
   178 | D        | Killed a jelly
   178 | D        | Reached XP level 2. HP: 12/15 MP: 2/9
   178 | D        | Reached XP level 3. HP: 15/19 MP: 2/10
   180 | D        | Reached skill level 5 in Spellcasting
   180 | D        | Reached skill level 5 in Conjurations
   180 | D        | Reached skill level 5 in Air Magic
   180 | D        | Reached XP level 4. HP: 16/24 MP: 0/13
   188 | D        | Killed a phantom
   188 | D        | Reached XP level 5. HP: 11/28 MP: 7/15
   248 | D        | Found a roughly hewn altar of Beogh.
   248 | D        | Found a snail-covered altar of Cheibriados.
   248 | D        | Found a shadowy altar of Dithmenos.
   248 | D        | Found a white marble altar of Elyvilon.
   248 | D        | Found a blossoming altar of Fedhas.
   248 | D        | Found an opulent altar of Gozag.
   249 | D        | Found a hazy altar of Hepliaklqana.
   250 | D        | Found a viscous altar of Jiyva.
   251 | D        | Found an ancient bone altar of Kikubaaqudgha.
   252 | D        | Found a corrupted altar of Lugonu.
   253 | D        | Found a burning altar of Makhleb.
   254 | D        | Found a sparkling altar of Nemelex Xobeh.
   255 | D        | Found an iron altar of Okawaru.
   256 | D        | Found a stormy altar of Qazlal.
   257 | D        | Found a sacrificial altar of Ru.
   258 | D        | Found a deep blue altar of Sif Muna.
   259 | D        | Found a bloodstained altar of Trog.
   260 | D        | Found a hide-covered altar of Uskayaw.
   261 | D        | Found a radiant altar of Vehumet.
   262 | D        | Found an ornate altar of the Wu Jian Council.
   263 | D        | Found a shimmering altar of Xom.
   264 | D        | Found a basalt altar of Yredelemnul.
   265 | D        | Found a glowing silver altar of Zin.
   266 | D        | Found a glowing golden altar of the Shining One.
   331 | D        | Became a worshipper of Dithmenos the Shadowed
   391 | D        | Learned a level 5 spell: Lightning Bolt
   391 | D        | Noticed a hungry ghost
   395 | D        | Reached * piety under Dithmenos
   395 | D        | Reached XP level 6. HP: 32/32 MP: 3/18
   400 | D        | Reached ** piety under Dithmenos
   400 | D        | Reached skill level 1 in Evocations
   402 | D        | Killed a hungry ghost
   448 | D        | Noticed a hippogriff
   448 | D        | Noticed a gargoyle
   450 | D        | Reached XP level 7. HP: 36/36 MP: 9/20
   451 | D        | Reached *** piety under Dithmenos
   452 | D        | Reached skill level 5 in Armour
   454 | D        | Slain by a gargoyle

Vault maps used:
D:        linesprint

Skill      XL: |  1  2  3  4  5  6  7 |
---------------+----------------------+-----
Conjurations   | 4 5 6 7 9 |  9.8
Armour         | 1 2 3 4 5 |  5.0
Spellcasting   | 4 5 6 7 8 |  8.7
Air Magic      | 4 5 6 7 9 |  9.5
Evocations     | 3 |  3.8
Dodging        | |  2.4
Stealth        | |  2.4

Action                   |  1- 3 |  4- 6 |  7- 9 || total
-------------------------+-------+-------+-------++-------
 Cast: Shock             |    10 |    14 |       ||    24
       Lightning Bolt    |       |     4 |     3 ||     7
Evoke: Staff of energy   |       |     4 |       ||     4
  Use: Potion            |       |     2 |     2 ||     4
Armor: Robe              |       |     4 |       ||     4
Dodge: Dodged            |     3 |     6 |     1 ||    10

Table legend:
 A = Non-vault XP
 B = Vault XP
 C = Vault XP percentage of total XP
 D = Non-vault monster count
 E = Vault monster count
 F = Vault count percentage of total count
                 A         B        C        D         E       F
            +---------+---------+-------+---------+---------+-------
      Total |       0 |     925 | 100.0 |       0 |      20 | 100.0
            +---------+---------+-------+---------+---------+-------
          D |       0 |     925 | 100.0 |       0 |      20 | 100.0
            +---------+---------+-------+---------+---------+-------
